 Dungeon Crawl Stone Soup version 0.18-a0-1147-g8e8348b (webtiles) character file.

557 RedPan the Magician (level 7, -4/50 HPs)
             Began as a Black Draconian Ice Elementalist on Jan 22, 2016.
             Slain by a centaur skeleton (5 damage)
             ... on level 4 of the Dungeon.
             The game lasted 00:17:37 (5664 turns).

RedPan the Magician (DrIE)                          Turns: 5664, Time: 00:17:37

Health: -4/50      AC:  7    Str: 10    XL:     7   Next: 9%
Magic:  14/14      EV: 11    Int: 17    God:
Gold:   259        SH:  3    Dex: 12    Spells: 3 memorised, 10 levels left

rFire  . . .     SeeInvis .     m - +0 whip (curse)
rCold  . . .     Gourm    .     (armour unavailable)
rNeg   . . .     Faith    .     g - +0 buckler
rPois  .         Spirit   .     (helmet restricted)
rElec  +         Dismiss  .     c - +0 cloak
rCorr  .         Reflect  .     (no gloves)
SustAt +         Harm     .     (no boots)
MR     .....                    (no amulet)
Stlth  ++........               (no ring)
                                o - ring of sustain attributes

@: not resistant to hostile enchantments, unstealthy
A: breathe lightning, unfitting armour, electricity resistance, cold-blooded, AC
+6
a: Breathe Lightning


You were on level 4 of the Dungeon.
You were not hungry.

You visited 1 branch of the dungeon, and saw 4 of its levels.

You collected 259 gold pieces.

Inventory:

Hand Weapons
 d - a +0 dagger
 m - a cursed +0 whip (weapon)
Armour
 c - a +0 cloak (worn)
 g - a +0 buckler (worn)
Jewellery
 o - a ring of sustain attributes (left hand)
Scrolls
 e - a scroll of blinking
 t - a scroll of fear {unknown}
 x - a scroll of remove curse
 y - a scroll of magic mapping {unknown}
 A - a scroll of fog {unknown}
Potions
 f - 4 potions of lignification
 i - a potion of mutation
 k - a potion of might {unknown}
 p - a potion of heal wounds {unknown}
 q - 3 potions of curing
 r - a potion of magic {unknown}
 s - a potion of agility {unknown}
 v - a potion of cancellation {unknown}
 w - a potion of ambrosia {unknown}
Books
 a - a book of Frost

   Spells                             Type                      Level
   a - Freeze                         Ice                          1
   b - Throw Frost                    Conjuration/Ice              2
   c - Ozocubu's Armour               Charms/Ice                   3
   d - Throw Icicle                   Conjuration/Ice              4
   e - Summon Ice Beast               Ice/Summoning                4
   f - Condensation Shield            Ice                          4
 l - Dama's Tome of Enchanting Battle Magic
   (You found it on level 4 of the Dungeon)

   Spells                             Type                      Level
   a - Shock                          Conjuration/Air              1
   b - Dazzling Spray                 Conjuration/Hexes            3
   c - Inner Flame                    Hexes/Fire                   3
   d - Fulminant Prism                Conjuration/Hexes            4
   e - Orb of Destruction             Conjuration                  7
 u - a book of Geomancy

   Spells                             Type                      Level
   a - Sandblast                      Earth                        1
   b - Stoneskin                      Transmutation/Earth          2
   c - Passwall                       Transmutation/Earth          3
   d - Stone Arrow                    Conjuration/Earth            3
   e - Petrify                        Transmutation/Earth          4
   f - Lee's Rapid Deconstruction     Earth                        5
Comestibles
 b - 3 bread rations
 h - 2 meat rations
 j - a beef jerky
 n - 2 slices of pizza
 B - 3 fruits


   Skills:
 - Level 1.7 Dodging
 - Level 1.7 Stealth
 * Level 5.3 Spellcasting
 + Level 3.2 Conjurations
 + Level 5.1 Ice Magic


You had 10 spell levels left.
You knew the following spells:

 Your Spells              Type           Power        Failure   Level  Hunger
a - Freeze                Ice            ###.         3%          1    None
b - Throw Frost           Conj/Ice       ###...       10%         2    #......
c - Ozocubu's Armour      Chrm/Ice       ##......     28%         3    ##.....


Dungeon Overview and Level Annotations

Branches:
Dungeon (4/15)
 Temple: D:4-7

Altars:
Ashenzari
Dithmenos
Gozag
Kikubaaqudgha
Makhleb
Qazlal
Ru
Sif Muna


Innate Abilities, Weirdness & Mutations

You can breathe wild blasts of lightning.
Your glossy black scales are hard (AC +6).
Your body does not fit into most forms of armour.
You are resistant to electric shocks.
You are cold-blooded and may be slowed by cold attacks.


Message History

The centaur skeleton hits you but does no damage.
The centaur skeleton hits you but does no damage.
The centaur skeleton hits you.
The centaur skeleton closely misses you.
The centaur skeleton barely misses you. The centaur skeleton hits you.
* * * LOW HITPOINT WARNING * * *
The centaur skeleton barely misses you.
All of the chunks of flesh in your inventory have rotted away.
The centaur skeleton hits you but does no damage.
The centaur skeleton hits you but does no damage.
The centaur skeleton hits you.
* * * LOW HITPOINT WARNING * * *
The centaur skeleton hits you.
* * * LOW HITPOINT WARNING * * *
The centaur skeleton hits you but does no damage.
The centaur skeleton hits you.
* * * LOW HITPOINT WARNING * * *
The centaur skeleton hits you.
You die...

..............# #......'
#####.........# #....[.#
#..##....###.################..##
+..##....####............####..##
#.........#......................
#..##.....#......................
#..##.....#......................
#..##..##.##.###'###..#######..##
#..##..##.#### #@###..##..###..##
#...#........#..Z#.....#..#....+.
#...#........#...#.....'.['....#.
#####.###.##.#######..#######..##
#####.###.##.###.###..###.###..##
.......+......#........#....#...)
.......#..(...#........#....'....
###...##......#........#....#....
###...##.[##..#######..######..##


You could see a centaur skeleton.

Vanquished Creatures
  4 scorpions (D:4)
  2 orc priests
  A hound (D:4)
  An orc wizard (D:4)
  An iguana (D:4)
  6 adders
  4 gnolls
  2 oozes (D:1)
  An adder skeleton (D:4)
  4 worms
  3 giant geckos
  11 orcs
  6 bats
  4 giant cockroaches
  9 goblins
  6 hobgoblins
  2 jackals (D:4)
  3 quokkas
  2 ball pythons (D:4)
  A giant gecko skeleton (D:4)
  4 giant newts
  13 kobolds
  9 rats
99 creatures vanquished.

Notes
Turn   | Place    | Note
--------------------------------------------------------------
     0 | D:1      | RedPan the Draconian Ice Elementalist began the quest for the Orb.
     0 | D:1      | Reached XP level 1. HP: 14/14 MP: 3/3
     3 | D:1      | Noticed a minotaur skeleton
    14 | D:1      | Noticed a minotaur skeleton
   119 | D:1      | Reached XP level 2. HP: 14/20 MP: 1/5
   613 | D:1      | Learned a level 2 spell: Throw Frost
   681 | D:1      | Reached XP level 3. HP: 20/26 MP: 5/7
  1084 | D:2      | Found a sacrificial altar of Ru.
  1649 | D:2      | Found a stormy altar of Qazlal.
  1721 | D:2      | Found a shadowy altar of Dithmenos.
  1971 | D:2      | Reached XP level 4. HP: 21/33 MP: 2/8
  2053 | D:2      | Found an ancient bone altar of Kikubaaqudgha.
  2385 | D:3      | Reached skill level 4 in Ice Magic
  2609 | D:3      | Found a deep blue altar of Sif Muna.
  2610 | D:3      | Found a shattered altar of Ashenzari.
  3253 | D:3      | Reached XP level 5. HP: 16/38 MP: 6/10
  3776 | D:4      | Identified Dama's Tome of Enchanting Battle Magic
  3781 | D:4      | Learned a level 3 spell: Ozocubu's Armour
  3793 | D:4      | Found a burning altar of Makhleb.
  4066 | D:4      | Reached XP level 6. HP: 37/45 MP: 9/12
  4360 | D:4      | Found an opulent altar of Gozag.
  4439 | D:4      | Reached skill level 5 in Spellcasting
  5234 | D:4      | Reached skill level 5 in Ice Magic
  5234 | D:4      | Reached XP level 7. HP: 16/50 MP: 9/14
  5234 | D:4      | Your scales start taking on a glossy black colour.
  5234 | D:4      | Gained mutation: You are resistant to electric shocks. [Black Draconian growth]
  5663 | D:4      | HP: 1/50 [centaur skeleton (3)]
  5664 | D:4      | Slain by a centaur skeleton

Vault maps used:
D:1:      shiori_arrival_whats_in_store_for_you
D:2:      lemuel_doored_altar, lemuel_round_altar, lemuel_round_altar,
          nicolae_overflow_crystal_walls, first_bread
D:3:      nicolae_overflow_hidden_temple
D:4:      grunt_gozag_breadcrumbs, makhleb_blood_cavern_becter

Action                   |  1- 3 |  4- 6 |  7- 9 || total
-------------------------+-------+-------+-------++-------
Melee: Unarmed           |     4 |       |       ||     4
       Dagger            |    27 |       |       ||    27
       Hand axe          |   105 |    61 |       ||   166
       Whip              |       |    54 |    14 ||    68
 Cast: Freeze            |    41 |    74 |     9 ||   124
       Throw Frost       |     2 |       |       ||     2
 Abil: Breathe Lightning |       |       |     1 ||     1
  Use: Scroll            |     4 |     2 |       ||     6
       Potion            |       |     1 |       ||     1
 Stab: Sleeping          |     2 |     2 |       ||     4
  Eat: Chunk             |     4 |     8 |     2 ||    14
       Fruit             |       |     2 |       ||     2
